 Dungeon Crawl Stone Soup version 0.29.1-15-g9cfb28693d (webtiles) character file.

Game seed: 7078890659774455340

1010 H0rd4k the Insei (level 8, 0/54 HPs)
             Began as an Octopode Artificer on Mar 29, 2023.
             Killed from afar by a white imp (9 damage)
             ... with a puff of frost
             ... on level 5 of the Dungeon.
             The game lasted 00:04:45 (4290 turns).

H0rd4k the Insei (Octopode Artificer)               Turns: 4290, Time: 00:04:46

Health: 0/54       AC:  1    Str: 12    XL:     8   Next: 21%
Magic:  13/13      EV: 13    Int: 15    God:
Gold:   217        SH:  0    Dex: 12    Spells: 14/14 levels left

rFire   . . .      SeeInvis .     - Unarmed
rCold   . . .      Faith    .   (no shield)
rNeg    . . .      Spirit   .   (helmet restricted)
rPois   .          Reflect  .   (no amulet)
rElec   .          Harm     .   (no ring)
rCorr   .          Rampage  .   (no ring)
Will    .....                   (no ring)
Stlth   +++.......              (no ring)
HPRegen 0.18/turn               (no ring)
MPRegen 0.13/turn               (no ring)
                                (no ring)
                                (no ring)

@: studying Stealth
A: almost no armour, amphibious, 8 rings, camouflage 1, gelatinous body 1,
(nimble swimmer 1), tentacles
a: no special abilities


You were on level 5 of the Dungeon.
You visited 1 branch of the dungeon, and saw 5 of its levels.

You collected 217 gold pieces.

Inventory:

Hand Weapons
 t - a +0 dagger of freezing
Missiles
 j - a throwing net
 o - 10 poisoned darts (quivered)
Wands
 b - a wand of flame (5)
 c - a wand of charming (1)
Scrolls
 a - 2 scrolls of identify {unknown}
 f - 3 scrolls of teleportation {unknown}
 n - a scroll of noise {unknown}
 q - 3 scrolls of enchant armour {unknown}
 r - a scroll of silence {unknown}
Potions
 e - 3 potions of mutation {unknown}
 g - 2 potions of lignification {unknown}
 h - 3 potions of might {unknown}
 i - a potion of ambrosia {unknown}
 k - a potion of flight {unknown}
 l - 3 potions of curing {unknown}
 m - a potion of heal wounds {unknown}
 p - 2 potions of brilliance {unknown}
 s - a potion of haste {unknown}
 u - a potion of degeneration {unknown}


   Skills:
 * Level 4.3 Fighting
 + Level 1.1 Throwing
 - Level 2.3 Dodging
 - Level 1.3 Stealth
 + Level 6.4 Unarmed Combat
 * Level 3.9 Spellcasting
 - Level 3.2 Evocations


You had 14 spell levels left.
You didn't know any spells.
Your spell library was empty.

Dungeon Overview and Level Annotations

Branches:
Dungeon (5/15)
 Temple: D:4-7

Altars:
Kikubaaqudgha
Nemelex Xobeh

Shops:
D:4 *:**[

Annotations:
D:4 exclusion: orc warrior


Innate Abilities, Weirdness & Mutations

You cannot wear most types of armour.
You are amphibious.
You can wear up to eight rings at the same time.
Your skin changes colour to match your surroundings (Stealth+).
Your rubbery body absorbs attacks. (AC +1, EV +1)
((You are camouflaged when in or above water. (Stealth+)))
You have tentacles for arms and can constrict up to eight enemies at once.


Message History

Aiming: Charm
Press: ? - help, Shift-Dir - straight line, f - adder
Aim: an adder (heavily wounded, chance to affect: 66%)
The adder is charmed.
Unknown command.
What are your orders? t - Shout!
Orders for allies: a - Attack new target. p - Attack previous target. r - Retreat! s - Stop attacking. g - Guard the area. f - Follow me.
Anything else - Cancel.
Guard this area!
You hear the slow rusting of a very distant drain.
The ogre barely misses your adder.
Your adder barely misses the ogre.
The ogre barely misses your adder.
Your adder bites the ogre.
The ogre is poisoned.
Your adder poisons the ogre!
The ogre hits your adder with a +0 giant club!
Your adder dies!
Aiming: Charm
Press: ? - help, Shift-Dir - straight line, f - dart slug
Aim: a dart slug (chance to affect: 73%)
The dart slug struggles to resist.
Unknown command.
Aiming: Charm
Press: ? - help, Shift-Dir - straight line, f - ogre
Aim: an ogre, wielding a +0 giant club (lightly wounded, very poisoned, chance to affect: 57%)
The ogre is charmed.
Your ogre barely misses the ogre.
Unknown command.
What are your orders? t - Shout!
Orders for allies: a - Attack new target. p - Attack previous target. r - Retreat! s - Stop attacking. g - Guard the area. f - Follow me.
Anything else - Cancel.
Guard this area!
A white imp comes into view.
The white imp shouts, "Decamp, thou infectious motley-minded Cock-Lorel!"
The white imp gestures at you. The puff of frost hits you!
You die...

.# #...# ..##.(#...#
.#...#. #.
..#...#...#...#...#.#..
##.†...†...............
..†#.#...#...#...#...#
.†##..#...#...#...#..
†.##..!#...#..$#...#
.###..#...#...#...# .#
†..#.#...#...#O.@#...#
.<.†..)..†...........#
.###...#...#...#...#..#
.#
#..#...#Ow.#...#.....
.. #.#?..#$..#$..#5..##
#. #..#...#...#...#..#
#.....#...#...#...#.#
#....................
..........#..........


You could see an ogre, a white imp, a dart slug (ally target) and a friendly
ogre (charmed, poisoned).

Vanquished Creatures
  Grinder (D:4)
  Sigmund (D:3)
  Menkaure (D:4)
  A scorpion (D:4)
  A killer bee (D:5)
  A vampire bat (D:4)
  3 hounds (D:4)
  A gnoll bouda (D:4)
  Jessica (D:3)
  2 iguanas (D:4)
  8 adders
  2 worms (D:3)
  A dart slug (D:4)
  An orc (D:5)
  7 bats
  3 bat skeletons (D:4)
  2 bat zombies (D:4)
  3 endoplasms
  A giant cockroach (D:2)
  2 goblins
  8 hobgoblins
  3 jackals (D:2)
  8 kobolds
  4 quokkas
  5 ball pythons
  4 rats
75 creatures vanquished.

Vanquished Creatures (others)
  A scorpion (D:5)
  A killer bee (D:5)
  2 hounds (D:5)
  An orc wizard (D:5)
  3 adders (D:5)
8 creatures vanquished.

Grand Total: 83 creatures vanquished

Notes
Turn   | Place    | Note
-------+----------+-------------------------------------------
     0 | D:1      | H0rd4k the Octopode Artificer began the quest for the Orb.
     0 | D:1      | Reached XP level 1. HP: 13/13 MP: 1/1
   529 | D:1      | Reached XP level 2. HP: 7/18 MP: 3/3
   748 | D:1      | Reached skill level 1 in Spellcasting
  1628 | D:2      | Reached skill level 1 in Unarmed Combat
  1628 | D:2      | Reached XP level 3. HP: 24/24 MP: 3/5
  2185 | D:2      | Reached XP level 4. HP: 24/29 MP: 6/6
  2720 | D:3      | Noticed Sigmund
  2731 | D:3      | Killed Sigmund
  2732 | D:3      | Reached skill level 3 in Unarmed Combat
  2732 | D:3      | Reached XP level 5. HP: 22/36 MP: 6/9
  2732 | D:3      | Reached XP level 6. HP: 26/42 MP: 6/10
  2937 | D:3      | Noticed Jessica
  2942 | D:3      | Killed Jessica
  3245 | D:4      | Reached skill level 4 in Unarmed Combat
  3283 | D:4      | Noticed Menkaure
  3290 | D:4      | Killed Menkaure
  3291 | D:4      | Reached XP level 7. HP: 46/46 MP: 11/11
  3446 | D:4      | Found an ancient bone altar of Kikubaaqudgha.
  3683 | D:4      | Reached skill level 5 in Unarmed Combat
  3823 | D:4      | Noticed Grinder
  3835 | D:4      | Killed Grinder
  3934 | D:4      | Reached XP level 8. HP: 54/54 MP: 13/13
  3937 | D:4      | Reached skill level 6 in Unarmed Combat
  4044 | D:4      | Found Gaciynime's Assorted Antiques.
  4048 | D:4      | Found Quzusm's Book Emporium.
  4049 | D:4      | Found Koruplyi's Antique Armour Emporium.
  4054 | D:4      | Found Estres's Assorted Antiques.
  4086 | D:4      | Found Walamea's Assorted Antiques.
  4208 | D:4      | Found a sparkling altar of Nemelex Xobeh.
  4231 | D:5      | Entered Level 5 of the Dungeon
  4242 | D:5      | Reached skill level 1 in Throwing
  4266 | D:5      | Noticed a wyvern
  4290 | D:5      | Killed from afar by a white imp

Illustrated notes

Levels and vault maps discovered:
D:1:      minmay_arrival_hallway, layout_loops_ring, st_stairs_8
D:2:      layout_loops_ring
D:3:      layout_rooms, kennysheep_jessica_study, uniq_sigmund
D:4:      layout_loops_cross, kennysheep_vampire_church,
          nemelex_diamond_rough_becter, serial_shops, shop,
          kennysheep_minor_cross, minmay_shop_grid_forest, minmay_manual_mullet,
          uniq_grinder, uniq_menkaure
D:5:      cheibrodos_fzero, layout_layer_cave, portal_sewer_entry_d,
          gammafunk_ghost_mausoleum, minmay_manual_mandibuliform

Skill      XL: |  1  2  3  4  5  6  7  8 |
---------------+-------------------------+-----
Spellcasting   | 1 2 3 |  3.9
Fighting       | 2 3 4 |  4.3
Unarmed Combat | 1 3 4 5 6 |  6.4
Throwing       | 1 |  1.1
Dodging        | |  2.3
Stealth        | |  1.3
Evocations     | |  3.2

Action                   |  1- 3 |  4- 6 |  7- 9 || total
-------------------------+-------+-------+-------++-------
Melee: Unarmed           |    95 |    36 |    56 ||   187
       Tentacles         |    16 |     6 |    26 ||    48
       Constrict         |    25 |     9 |    18 ||    52
       Punch             |     2 |     2 |     2 ||     6
Throw: Dart              |       |       |    16 ||    16
Evoke: Wand              |       |    14 |    15 ||    29
 Stab: Sleeping          |     8 |     3 |     2 ||    13
       Distracted        |     1 |       |       ||     1
Armor: Skin              |     8 |     4 |     7 ||    19
Dodge: Dodged            |    56 |    20 |    51 ||   127
